 Dungeon Crawl Stone Soup version 0.30-a0-800-g7c544603b3 (webtiles) character file.

Game seed: 10996345892699514939

502 BigDaddyOpFi the Sneak (level 7, -7/61 HPs)
             Began as an Octopode Enchanter on Feb 21, 2023.
             Was an Initiate of Fedhas.
             Mangled by dolemite99's ghost (12 damage)
             ... on level 4 of the Dungeon.
             The game lasted 00:06:06 (5539 turns).

BigDaddyOpFi the Sneak (Octopode Enchanter)         Turns: 5539, Time: 00:06:06

Health: -7/61      AC: 23    Str:  5 (8)  XL:     7   Next: 17%
Magic:  10/10      EV:  2    Int: 16 (17) God:    Fedhas [......]
Gold:   169        SH:  5    Dex: 14      Spells: 9/12 levels left

rFire   + + .      SeeInvis .    l - +2 dagger (venom)
rCold   . . .      Faith    .    (no shield)
rNeg    . . .      Spirit   .    (helmet currently unavailable)
rPois   +          Reflect  +    i - amulet of reflection
rElec   .          Harm     .    d - ring of protection from fire
rCorr   .          Rampage  .    g - ring of protection from fire
Will    .....      NoTele   +    (no ring)
Stlth   ++++                     (no ring)
HPRegen 0.30/turn                (no ring)
MPRegen 0.12/turn                (no ring)
                                 (no ring)
                                 (no ring)

@: tree-form
A: stationary, stasis, torment immunity, boosted hp, almost no armour,
(amphibious), 8 rings, (camouflage 1), (gelatinous body 1), (nimble swimmer 1),
(tentacles), (cold resistance 1), low MP 1, mutation resistance 1
a: Renounce Religion


You were on level 4 of the Dungeon.
You worshipped Fedhas.
Fedhas was noncommittal.
You were a tree.
You visited 2 branches of the dungeon, and saw 5 of its levels.

You collected 169 gold pieces.

Inventory:

Hand Weapons
 l - a +2 dagger of venom (weapon)
Missiles
 e - a throwing net (quivered)
Jewellery
 d - a ring of protection from fire (left branch)
 g - a ring of protection from fire (right branch)
 i - an amulet of reflection (around neck)
Potions
 a - a potion of mutation
 c - 2 potions of degeneration
 f - 2 potions of brilliance
 h - a potion of lignification


   Skills:
 + Level 2.5 Short Blades
 + Level 3.2 Dodging
 + Level 7.5 Stealth
 + Level 3.0 Spellcasting
 + Level 4.7 Hexes
 * Level 0.0 Invocations


You had 9 spell levels left.
You knew the following spells:

 Your Spells              Type           Power      Damage    Failure   Level
a - Confusing Touch       Hex            17%        N/A       8%          3

Your spell library contained the following spells:

 Spells                   Type           Power      Damage    Failure   Level
 Tukima's Dance           Hex            17%        N/A       8%          3
 Ensorcelled Hibernation  Hex/Ice        20%        N/A       11%         2
 Dazzling Flash           Conj/Hex       20%        N/A       22%         3
 Summon Guardian Golem    Hex/Summ       10%        N/A       22%         3
 Scorch                   Fire           4%         2d5       28%         2
 Flame Wave               Conj/Fire      2%         2d4       88%         4
 Summon Cactus Giant      Summ           1%         N/A       100%        6
 Orb of Destruction       Conj           1%         9d5       100%        7
 Spellforged Servitor     Conj/Summ      1%         N/A       100%        7


Dungeon Overview and Level Annotations

Branches:
Dungeon (4/15)             Temple (1/1) D:4

Altars:
Cheibriados
Fedhas
Gozag
Nemelex Xobeh

Annotations:
D:4 1 transporter, dolemite99's ghost, weakling HOFi


Innate Abilities, Weirdness & Mutations

You are a tree.
Your roots penetrate the ground, keeping you stationary.
You cannot be teleported.
You are immune to unholy pain and torment.
Your maximum health is greatly increased.
You cannot wear most types of armour.
((You are amphibious.))
You can wear up to eight rings at the same time.
((Your skin changes colour to match your surroundings (Stealth+).))
((Your rubbery body absorbs attacks. (AC +1, EV +1)))
((You are camouflaged when in or above water. (Stealth+)))
((You have tentacles for arms and can constrict up to eight enemies at once.))
((Your flesh is cold resistant. (rC+)))
Your magical capacity is low. (-10% MP)
You are somewhat resistant to further mutation.


Message History

You block dolemite99's ghost's attack. The gnoll hits you but does no damage.
You hit dolemite99's ghost but do no damage.
Dolemite99's ghost is heavily damaged.
You feel very sick.
You hit dolemite99's ghost.
Dolemite99's ghost is heavily damaged.
You feel very sick. The gnoll barely misses you. Dolemite99's ghost hits you.
* * * LOW HITPOINT WARNING * * *
The gnoll hits you but does no damage.
You hit dolemite99's ghost.
Dolemite99's ghost is heavily damaged.
* * * LOW HITPOINT WARNING * * *
You feel sick.
The gnoll hits you from afar with a +0 spear of venom.
* * * LOW HITPOINT WARNING * * *
Dolemite99's ghost barely misses you.
The gnoll hits you from afar with a +0 spear.
* * * LOW HITPOINT WARNING * * *
You feel better. The gnoll hits you but does no damage.
Dolemite99's ghost hits you!
* * * LOW HITPOINT WARNING * * *
The gnoll hits you but does no damage.
You aren't carrying any scrolls.
Okay, then.
You hit dolemite99's ghost.
Dolemite99's ghost is heavily damaged.
You block the gnoll's attack.
Dolemite99's ghost hits you but does no damage.
The gnoll hits you but does no damage.
You hit dolemite99's ghost but do no damage.
Dolemite99's ghost is heavily damaged.
You block the gnoll's attack.
Dolemite99's ghost hits you but does no damage.
The gnoll hits you but does no damage.
You hit dolemite99's ghost but do no damage.
Dolemite99's ghost is heavily damaged.
The gnoll hits you but does no damage. Dolemite99's ghost hits you!
You die...
Fedhas appreciates your contribution to the ecosystem.

#.≈≈#..#8###8#..#≈≈....####
#.≈≈##.###.###.##≈≈....#
#.≈≈#...........#≈≈...##
#.≈≈###.##'##.###≈≈..##
#.≈≈..#.#...#.#..≈≈..#
#.≈≈.##.#⌠.⌠#.##.≈≈..#
#.≈≈.#..#ggg#.©#.≈≈..#
#.≈≈.##.##W##.##.≈≈..#
#.....#.#.♣.#.#..≈≈..#
#....©#.g.©.'.#©.~~..#
##.....#.#8⌠8#.#..≈≈..# #
#..≈≈.##.#####.##.≈≈..######
#..≈≈.#..#gg.#..#.≈≈.).....#
#..≈≈.##.#g..#g##.≈≈...###.#
#..≈≈..#.#...#.#..≈≈.......#
#..≈≈###.##'##.###≈≈....#...
#..≈≈#........g..#≈≈...###.#


You could see dolemite99's ghost and 4 gnolls.

Vanquished Creatures
  An ogre (D:3)
  A phantom (D:4)
  3 orc priests
  An iron imp (D:3)
  An orc wizard (D:4)
  3 adders
  7 gnolls
  A white imp (D:4)
  5 worms
  A dart slug (D:3)
  9 orcs
  5 endoplasms
  2 giant cockroaches
  8 goblins
  3 hobgoblins
  7 jackals
  9 kobolds
  4 quokkas
  6 ball pythons
  4 bats
  6 rats
87 creatures vanquished.

Vanquished Creatures (others)
  6 plants (D:4)
  4 toadstools (D:1)
10 creatures vanquished.

Grand Total: 97 creatures vanquished

Notes
Turn   | Place    | Note
-------+----------+-------------------------------------------
     0 | D:1      | BigDaddyOpFi the Octopode Enchanter began the quest for the
                  | Orb.
     0 | D:1      | Reached XP level 1. HP: 11/11 MP: 3/3
   309 | D:1      | Reached XP level 2. HP: 17/17 MP: 5/5
   438 | D:1      | Reached skill level 5 in Stealth
  1319 | D:2      | Reached XP level 3. HP: 21/21 MP: 6/6
  1356 | D:2      | Reached skill level 6 in Stealth
  2087 | D:3      | Reached XP level 4. HP: 19/27 MP: 7/7
  2097 | D:3      | Reached XP level 5. HP: 18/31 MP: 8/8
  2188 | D:3      | Found a snail-covered altar of Cheibriados.
  2243 | D:3      | Gained mutation: You are weak. (Str -2) [potion of
                  | mutation]
  3271 | D:3      | Reached skill level 7 in Stealth
  3375 | D:3      | Noticed an ogre
  3397 | D:3      | Killed an ogre
  3398 | D:3      | Reached XP level 6. HP: 15/36 MP: 9/9
  3758 | D:3      | Learned a level 3 spell: Confusing Touch
  3991 | D:4      | Found a transporter.
  4191 | D:4      | Noticed dolemite99's ghost (weakling HOFi)
  4443 | D:4      | HP: 1/36 [orc priest/+0 dagger (3)]
  4505 | D:4      | Reached XP level 7. HP: 12/41 MP: 11/11
  5069 | D:4      | Found a transporter.
  5101 | D:4      | Found a staircase to the Ecumenical Temple.
  5132 | Temple   | Entered the Ecumenical Temple
  5199 | Temple   | Became a worshipper of Fedhas Madash
  5523 | D:4      | Lost mutation: You are weak. (Str -2) [potion of mutation]
  5523 | D:4      | Gained mutation: Your magical capacity is low. (-10% MP)
                  | [potion of mutation]
  5523 | D:4      | Gained mutation: You are somewhat resistant to further
                  | mutation. [potion of mutation]
  5523 | D:4      | Gained mutation: Your flesh is cold resistant. (rC+)
                  | [potion of mutation]
  5539 | D:4      | Mangled by dolemite99's ghost

Illustrated notes

Levels and vault maps discovered:
D:1:      ldierk_walled_garden_2, layout_basic
D:2:      layout_loops_cross, grunt_decor_fettered
D:3:      layout_loops_ring, slow_altar_2,
          nicolae_concentric_dashed_squares_mild
D:4:      layout_loops_corners, minmay_temple_entry_statues_pillars,
          gammafunk_ghost_gnarly_gnolls, minmay_crossroads
Temple:   mainiacjoe_temple_bowtie_tessellation

Skill      XL: |  1  2  3  4  5  6  7 |
---------------+----------------------+-----
Stealth        | 5 6 7 |  7.5
Short Blades   | 2 |  2.5
Hexes          | 4 |  4.7
Dodging        | 3 |  3.2
Spellcasting   | 3 |  3.0

Action                     |  1- 3 |  4- 6 |  7- 9 || total
---------------------------+-------+-------+-------++-------
  Melee: Dagger            |    67 |   105 |    58 ||   230
         Tentacles         |    12 |    28 |    11 ||    51
         Constrict         |    10 |    22 |    12 ||    44
         Punch             |     1 |     2 |     1 ||     4
  Throw: Throwing net      |       |       |     2 ||     2
   Cast: Confusing Touch   |       |     2 |       ||     2
    Use: Scroll            |     6 |     1 |       ||     7
         Potion            |       |     8 |     3 ||    11
   Stab: Sleeping          |    14 |     4 |       ||    18
         Distracted        |     1 |       |       ||     1
         Held in net/web   |       |       |     1 ||     1
 Armour: Skin              |     5 |     4 |    31 ||    40
  Dodge: Dodged            |    27 |    61 |    49 ||   137
  Block: Other             |       |     4 |    21 ||    25

Table legend: (Time is in decaauts)
 A = Elapsed time spent in this place.
 B = Non-inter-level travel time spent in this place.
 C = Inter-level travel time spent in this place.
 D = Time resting spent in this place.
 E = Time spent auto-exploring this place.
 F = Levels seen in this place.
 G = Mean time per level.
                   A        B        C        D        E       F      G
               +--------+--------+--------+--------+--------+-----+--------+
         Total |   5521 |   5355 |    166 |   1250 |   3296 |   5 | 1104.2 |
       Dungeon |   5444 |   5287 |    157 |   1250 |   3243 |   4 | 1361.0 |
        Temple |     76 |     67 |      9 |      0 |     53 |   1 |   76.0 |
               +--------+--------+--------+--------+--------+-----+--------+

Top non-repeatable levels by time:
     D:4: 1710 daAuts
     D:2: 1669 daAuts
     D:1: 1122 daAuts
     D:3: 942 daAuts
  Temple: 76 daAuts
